 Dungeon Crawl Stone Soup version 0.28.0-45-g0d030f2227 (webtiles) character file.

Game seed: 17937277917330813188

59 pkoi the Digger (level 3, -2/26 HPs)
             Began as a Demigod Earth Elementalist on Apr 7, 2022.
             Slain by a scorpion (9 damage)
             ... on level 3 of the Dungeon.
             The game lasted 00:02:26 (1982 turns).

pkoi the Digger (Demigod Earth Elementalist)        Turns: 1982, Time: 00:02:27

Health: -2/26      AC:  3    Str:  9    XL:     3   Next: 54%
Magic:  5/8        EV: 12    Int: 21    God:
Gold:   50         SH:  0    Dex: 14    Spells: 2/5 levels left

rFire   . . .      SeeInvis .   f - +0 dagger
rCold   . . .      Faith    .   (no shield)
rNeg    . . .      Spirit   .   b - +0 robe
rPois   .          Reflect  .   (no helmet)
rElec   .          Harm     .   (no cloak)
rCorr   .          Rampage  .   (no gloves)
Will    .....                   k - +0 pair of boots
Stlth   ++........              d - amulet of magic regeneration
HPRegen 0.08/turn               (no ring)
MPRegen 0.51/turn               (no ring)

@: no status effects
A: high MP 1, forlorn, divine attributes
a: no special abilities


You were on level 3 of the Dungeon.
You visited 1 branch of the dungeon, and saw 3 of its levels.

You collected 50 gold pieces.

Inventory:

Hand Weapons
 f - a +0 dagger (weapon)
Missiles
 l - 4 stones
Armour
 b - a +0 robe (worn)
 k - a +0 pair of boots (worn)
Jewellery
 d - an amulet of magic regeneration (around neck)
Scrolls
 a - a scroll of amnesia {unknown}
 c - a scroll of enchant weapon {unknown}
 e - 5 scrolls of identify {unknown}
 g - 3 scrolls of teleportation {unknown}
 h - a scroll of fog {unknown}
 j - a scroll of blinking {unknown}


   Skills:
 - Level 1.7 Dodging
 - Level 1.7 Stealth
 - Level 1.7 Spellcasting
 - Level 0.8 Transmutations
 * Level 4.3 Earth Magic
 + Level 0.3 Evocations


You had 2 spell levels left.
You knew the following spells:

 Your Spells              Type           Power      Damage    Failure   Level
a - Sandblast             Erth           38%        2d10      2%          1
b - Passwall              Tmut/Erth      10%        N/A       8%          2

Your spell library contained the following spells:

 Spells                   Type           Power      Damage    Failure   Level
 Stone Arrow              Conj/Erth      20%        3d8       19%         3
 Petrify                  Tmut/Erth      12%        N/A       45%         4
 Summon Ice Beast         Ice/Summ       1%         N/A       83%         4
 Summon Mana Viper        Hex/Summ       1%         N/A       99%         5
 Monstrous Menagerie      Summ           0%         N/A       100%        7


Dungeon Overview and Level Annotations

Branches:
Dungeon (3/15)


Innate Abilities, Weirdness & Mutations

You have an increased reservoir of magic. (+10% MP)
You shall have no god before yourself.
Your divine heritage dramatically boosts your attributes as you level up.


Message History

Aim: a scorpion (lightly wounded, 79% to hit)
The blast of sand hits the scorpion but does no damage.
The scorpion is lightly wounded.
You feel very sick.
The scorpion stings you but does no damage.
Aiming: Sandblast (safe; 2% risk of failure)
Press: ? - help, Q - select action, (/) - cycle Shift-Dir - straight line, f/p - scorpion
Aim: a scorpion (lightly wounded, 79% to hit)
The blast of sand hits the scorpion!
The scorpion is heavily wounded.
You feel sick. The scorpion stings you.
* * * LOW HITPOINT WARNING * * *
You are lethally poisoned!
The scorpion poisons you!
Aiming: Sandblast (safe; 2% risk of failure)
Press: ? - help, Q - select action, (/) - cycle Shift-Dir - straight line, f/p - scorpion
Aim: a scorpion (heavily wounded, 79% to hit)
The blast of sand hits the scorpion but does no damage.
The scorpion is heavily wounded.
* * * LOW HITPOINT WARNING * * *
You feel very sick. The scorpion closely misses you.
Aiming: Sandblast (safe; 2% risk of failure)
Press: ? - help, Q - select action, (/) - cycle Shift-Dir - straight line, f/p - scorpion
Aim: a scorpion (heavily wounded, 79% to hit)
The blast of sand hits the scorpion but does no damage.
The scorpion is heavily wounded.
* * * LOW HITPOINT WARNING * * *
You feel very sick. The scorpion stings you.
* * * LOW HITPOINT WARNING * * *
You are more poisoned.
The scorpion poisons you!
It was a potion of curing.
You feel better. The scorpion closely misses you. x2
Aiming: Sandblast (safe; 2% risk of failure)
Press: ? - help, Q - select action, (/) - cycle Shift-Dir - straight line, f/p - scorpion
Aim: a scorpion (heavily wounded, 79% to hit)
The blast of sand misses the scorpion.
The scorpion stings you!
You die...

##...#...#
####.........
.........[..
..........>
..........
.........
#s..>...#
##@# #..#
###.## #...#
#.### #.# #.#
###.# #...#


You could see a scorpion.

Vanquished Creatures
  2 worms (D:2)
  2 dart slugs
  4 ball pythons (D:1)
  5 endoplasms
  5 hobgoblins
  4 jackals (D:1)
  A quokka (D:1)
  8 bats
  2 frilled lizards (D:2)
  6 goblins
  3 kobolds (D:1)
  2 rats (D:2)
44 creatures vanquished.

Vanquished Creatures (others)
  A plant (D:2)
1 creature vanquished.

Grand Total: 45 creatures vanquished

Notes
Turn   | Place    | Note
-------+----------+-------------------------------------------
     0 | D:1      | pkoi the Demigod Earth Elementalist began the quest for the
                  | Orb.
     0 | D:1      | Reached XP level 1. HP: 14/14 MP: 5/5
    69 | D:1      | Reached skill level 3 in Earth Magic
   256 | D:1      | Reached XP level 2. HP: 20/20 MP: 5/7
   261 | D:1      | Learned a level 2 spell: Passwall
   727 | D:1      | Reached XP level 3. HP: 25/26 MP: 4/8
   858 | D:1      | Reached skill level 4 in Earth Magic
  1972 | D:3      | Noticed a scorpion
  1980 | D:3      | HP: 1/26 [scorpion (1)]
  1982 | D:3      | Slain by a scorpion

Illustrated notes

Levels and vault maps discovered:
D:1:      lemuel_arrival_room, layout_basic,
          hellmonk_ecumenical_altar_dog_temple, minmay_pentomino_r4
D:2:      layout_rooms, serial_bayou_pond_a, chequers_mini_garden,
          serial_bayou_pond_e
D:3:      layout_rooms, uniq_grinder, uniq_robin

Skill      XL: |  1  2  3 |
---------------+----------+-----
Earth Magic    | 3 4 |  4.3
Dodging        | |  1.7
Stealth        | |  1.7
Spellcasting   | |  1.7
Transmutations | |  0.8
Evocations     | |  0.3

Action                   || total
-------------------------++-------
Melee: Dagger            ||    49
 Cast: Sandblast         ||    67
  Use: Potion            ||     1
 Stab: Sleeping          ||     1
Armor: Robe              ||    22
Dodge: Dodged            ||    45
